 Dungeon Crawl Stone Soup version 0.20.1-1-g8b1a95d (webtiles) character file.

6 Folque the Magician (level 1, -1/13 HPs)
             Began as an Octopode Wizard on Nov 6, 2017.
             Slain by an ooze (3 damage)
             ... on level 1 of the Dungeon.
             The game lasted 00:01:06 (368 turns).

Folque the Magician (Octopode Wizard)                Turns: 368, Time: 00:01:06

Health: -1/13      AC:  1    Str:  6    XL:     1   Next: 90%
Magic:  4/4        EV: 13    Int: 20    God:
Gold:   22         SH:  0    Dex: 10    Spells: 5/6 levels left

rFire    . . .     SeeInvis .   f - +0 mace (curse)
rCold    . . .     Gourm    .   (no shield)
rNeg     . . .     Faith    .   a - +0 hat
rPois    .         Spirit   .   (no amulet)
rElec    .         Reflect  .   (no ring)
rCorr    .         Harm     .   (no ring)
MR       .....                  (no ring)
Stlth    +++.......             (no ring)
Regen    0.1/turn               (no ring)
MPRegen  0.1/turn               (no ring)
                                (no ring)
                                (no ring)

@: no status effects
A: almost no armour, stealthy swim, amphibious, 8 rings, constrict 8, camouflage
1, gelatinous body 1
a: no special abilities


You were on level 1 of the Dungeon.
You were not hungry.

You visited 1 branch of the dungeon, and saw 1 of its levels.

You collected 22 gold pieces.

Inventory:

Hand Weapons
 d - a +0 dagger
 f - a cursed +0 mace (weapon)
Missiles
 e - 6 javelins (quivered)
Armour
 a - a +0 hat (worn)
Scrolls
 i - a scroll of remove curse {unknown}
 j - a scroll of teleportation {unknown}
 k - a scroll of fog {unknown}
Potions
 g - a potion of ambrosia {unknown}
 h - a potion of brilliance {unknown}
 m - a potion of curing {unknown}
Books
 b - a book of Minor Magic

   Spells                             Type                      Level
   a - Magic Dart                     Conjuration                  1
   b - Blink                          Translocation                2
   c - Call Imp                       Summoning                    2
   d - Slow                           Hexes                        2
   e - Conjure Flame                  Conjuration/Fire             3
   f - Mephitic Cloud                 Conjuration/Poison/Air       3
Comestibles
 c - a bread ration
 l - 3 chunks of flesh


   Skills:
 * Level 1.2 Fighting
 - Level 2.0 Dodging
 - Level 2.6 Stealth
 + Level 3.0 Spellcasting
 - Level 1.0 Conjurations
   Level 1.0 Summonings
   Level 1.0 Translocations


You had 5 spell levels left.
You knew the following spells:

 Your Spells              Type           Power        Failure   Level  Hunger
a - Magic Dart            Conj           #...         10%         1    None


Dungeon Overview and Level Annotations

Branches:
Dungeon (1/15)

Altars:


Innate Abilities, Weirdness & Mutations

You cannot wear most types of armour.
You are very stealthy in the water. (Stealth+)
You are amphibious.
You can wear up to eight rings at the same time.
You can use your tentacles to constrict eight enemies at once.
Your skin changes colour to match your surroundings (Stealth+).
Your rubbery body absorbs attacks. (AC +1, EV +1)


Message History

You hit the ooze.
The ooze is heavily wounded.
The ooze hits you. x2
You hit the ooze but do no damage.
The ooze is heavily wounded.
The ooze closely misses you.
Throwing (i - inventory):
e - 7 javelins (quivered)
Press: ? - help, Shift-Dir - straight line, f - hobgoblin
Aim: a hobgoblin, wielding a club You throw a javelin.
The javelin hits the hobgoblin.
The hobgoblin is moderately wounded.
The ooze closely misses you. The ooze hits you.
The hobgoblin closely misses you.
You closely miss the hobgoblin. You grab the hobgoblin.
The hobgoblin is moderately wounded.
You constrict the hobgoblin, but do no damage.
The ooze hits you. The hobgoblin hits you with a club.
* * * LOW HITPOINT WARNING * * *
You release your grip on the hobgoblin.
The ooze hits you.
You die...

####..## #.# #......###.#
#.......##.############
#####....#..##.......##...##
#...........##..####....#..####
#.###....#...#..#....####..#...
#.###....#.#.#.....#.+..#..'..<
#........).#.#..##+#.#.....#..(
############.#@.# #..###..####
#..J.# #..(....# ##g.##
######### .(..# #!...# #.#..#
..#..# ####..# #>#


You could see an ooze and a hobgoblin.

Vanquished Creatures
  2 goblins (D:1)
  2 hobgoblins (D:1)
  A kobold (D:1)
5 creatures vanquished.

Notes
Turn   | Place    | Note
-------+----------+-------------------------------------------
     0 | D:1      | Folque the Octopode Wizard began the quest for the Orb.
     0 | D:1      | Reached XP level 1. HP: 11/11 MP: 4/4
   178 | D:1      | Reached skill level 1 in Fighting
   368 | D:1      | Slain by an ooze

Skill      XL: |  1 |
---------------+----+-----
Fighting       | 1 |  1.2
Dodging        | |  2.0
Stealth        | |  2.6
Spellcasting   | |  3.0
Conjurations   | |  1.0
Summonings     | |  1.0
Translocations | |  1.0

Action                   || total
-------------------------++-------
Melee: Mace              ||    12
       Constrict         ||     4
       Tentacles         ||     2
Throw: Javelin           ||     1
 Cast: Magic Dart        ||     2
 Stab: Sleeping          ||     1
Dodge: Dodged            ||     9
